 Dungeon Crawl Stone Soup version 0.31-a0-819-gf6de2f5ab6 (webtiles) character file.

Game seed: 15406940524382599635

1332 qw the Skirmisher (level 8, -6/50 HPs)
             Began as a Gargoyle Hunter on Sept 23, 2023.
             Mangled by Duvessa
             ... wielding a +3 short sword of speed
              (11 damage)
             ... on level 5 of the Dungeon.
             The game lasted 00:01:36 (3634 turns).

qw the Skirmisher (Gargoyle Hunter)                 Turns: 3634, Time: 00:01:37

Health: -6/50      AC: 14    Str: 15    XL:     8   Next: 61%
Magic:  8/8        EV: 17    Int: 13    God:
Gold:   301        SH:  0    Dex: 21    Spells: 7/7 levels left

rFire   . . .        Y - +1 shortbow (flame)
rCold   + . .        (shield currently unavailable)
rNeg    + + .        e - +2 robe {rC+}
rPois   inf          a - +0 helmet {Int+3}
rElec   +            n - +1 cloak of Starlight {*Dazzle EV+4 Stlth--}
rCorr   .            p - +0 pair of gloves
SInv    .            (no boots)
Will    .....        (no amulet) Stlth
                     g - ring of positive energy
HPRegen 0.28/turn    o - +6 ring of dexterity
MPRegen 0.11/turn

%: no passive effects
@: about to teleport
A: sickness immunity, AC +5, negative energy resistance 1, electricity
resistance, torment resistance 1, petrification resistance
a: no special abilities


You were on level 5 of the Dungeon.
You visited 2 branches of the dungeon, and saw 6 of its levels.
You also visited: Sewer.

You collected 418 gold pieces.
You spent 117 gold pieces at shops.


Innate Abilities, Weirdness & Mutations

You are immune to sickness and miasma.
Your stone body is resilient. (AC +5)
You are immune to poison.
You resist negative energy. (rN+)
You are resistant to electric shocks. (rElec)
You are resistant to unholy torment.
You are immune to petrification.


   Skills:
 + Level 5.5 Fighting
 - Level 9.1 Ranged Weapons
 - Level 2.1 Armour
 - Level 3.1 Dodging
 - Level 1.1 Stealth


You had 7 spell levels left.
You didn't know any spells.
Your spell library was empty.

Inventory:

Hand Weapons
 Y - a +1 shortbow of flaming (weapon)
Armour
 a - a +0 helmet of intelligence (worn)
 e - a +2 robe of cold resistance (worn)
 n - the +1 cloak of Starlight (worn) {*Dazzle EV+4 Stlth--}
   (You acquired it on level 4 of the Dungeon)

   *Dazzle:   It may blind those who miss an attack against the wearer in melee
   combat.
   EV+4:      It affects your evasion (+4).
   Stlth--:   It makes you much less stealthy.
 p - a +0 pair of gloves (worn)
Jewellery
 g - a ring of positive energy (left hand)
 o - a +6 ring of dexterity (right hand)
Scrolls
 c - a scroll of identify
 i - 2 scrolls of teleportation
Potions
 b - a potion of cancellation
 f - a potion of haste
 h - a potion of curing
 k - a potion of mutation
 l - a potion of resistance
 m - a potion of enlightenment

Dungeon Overview and Level Annotations

Branches:
Dungeon (5/15)             Temple (1/1) D:4           Sewer (visited)

Altars:
Ashenzari
Elyvilon
Gozag
Hepliaklqana
Kikubaaqudgha
Makhleb
Nemelex Xobeh
Qazlal
Ru
Sif Muna
Uskayaw
Vehumet
Zin
The Shining One

Shops:
D:1 (   D:4 ?

Annotations:
D:5 Duvessa


Message History

Duvessa hits you with a +3 short sword of speed.
You shoot an arrow. The arrow hits Duvessa!
The arrow burns Duvessa.
Duvessa is heavily wounded.
Duvessa hits you but does no damage.
Duvessa hits you with a +3 short sword of speed!
3625 ||| READING 4 scrolls of teleportation.
As you read the scroll of teleportation, it crumbles to dust.
You feel strangely unstable.
Duvessa hits you with a +3 short sword of speed!
Duvessa misses you.
3626 ||| DRINKING potion of heal wounds.
You feel much better. Duvessa closely misses you.
Duvessa hits you with a +3 short sword of speed!
Duvessa completely misses you.
You shoot an arrow. The arrow hits Duvessa.
The arrow burns Duvessa.
Duvessa is heavily wounded.
Duvessa closely misses you. x2
You shoot an arrow.
The arrow hits Duvessa but does no damage.
Duvessa is heavily wounded.
Your surroundings suddenly seem different.
Found 2 scrolls labelled RAEFIN BIRY and a scroll of enchant weapon.
You shoot an arrow. The arrow hits the scorpion.
The arrow burns the scorpion.
You kill the scorpion!
You shoot an arrow. The arrow hits Duvessa.
The arrow burns Duvessa.
Duvessa is heavily wounded.
You shoot an arrow. The arrow hits Duvessa.
The arrow burns Duvessa.
Duvessa is severely wounded.
You shoot an arrow. The arrow closely misses Duvessa.
Duvessa hits you with a +3 short sword of speed!
3633 ||| READING 3 scrolls of teleportation.
As you read the scroll of teleportation, it crumbles to dust.
You feel strangely unstable. Duvessa closely misses you. Duvessa misses you.
You shoot an arrow. The arrow hits Duvessa.
The arrow burns Duvessa.
Duvessa is severely wounded.
Duvessa barely misses you.
Duvessa hits you with a +3 short sword of speed!
You die...

#.#..#
####.####.##.#
##.....#.).> .#
##.............#
#...............
.###..............|
........?..........#
........e..........#
....?..@.......
.............?.
.....#......... ....
######...# ### ...
.# #


You could see Duvessa (berserk).

Vanquished Creatures
  A troll (D:4)
  Edmund (D:4)
  A water moccasin (Sewer)
  3 black bears (D:4)
  A phantom (D:4)
  2 scorpions
  Dowan (D:5)
  An orc priest (D:5)
  2 hounds
  A sleepcap (D:4)
  Natasha (twice) (D:2)
  2 orc wizards (D:5)
  9 adders
  A river rat (D:5)
  2 worms
  3 dart slugs
  4 orcs
  9 ball pythons
  10 endoplasms
  6 giant cockroaches
  4 hobgoblins
  2 jackals (D:4)
  3 quokkas
  7 bats
  4 frilled lizards
  10 goblins
  5 kobolds
  9 rats
106 creatures vanquished.

Notes
Turn   | Place    | Note
-------+----------+-------------------------------------------
     0 | D:1      | qw the Gargoyle Hunter began the quest for the Orb.
     0 | D:1      | Reached XP level 1. HP: 12/12 MP: 1/1
     0 | D:1      | 0 ||| qw: Version: 0.3-a-83-gcd0e7d8
     0 | D:1      | 0 ||| qw: Game counter: 1420
     0 | D:1      | 0 ||| qw: Melee chars always use a shield: true
     0 | D:1      | 0 ||| qw: God list: Okawaru
     0 | D:1      | 0 ||| qw: Allow faded altars: false
     0 | D:1      | 0 ||| qw: Do Orc after clearing Dungeon:15 true
     0 | D:1      | 0 ||| qw: Do second Lair branch before Depths: true
     0 | D:1      | 0 ||| qw: Lair rune preference: random
     0 | D:1      | 0 ||| qw: Goals: Normal
     0 | D:1      | 0 ||| PLANNING D:1-11
    91 | D:1      | Reached XP level 2. HP: 17/17 MP: 2/2
   457 | D:1      | Found Buvod's Weapon Shoppe.
   502 | D:1      | Reached XP level 3. HP: 21/21 MP: 3/3
   652 | D:1      | 652 ||| UPGRADING to +0 ring mail.
   662 | D:1      | 662 ||| DROPPING +0 leather armour.
   663 | D:1      | 663 ||| UPGRADING to ring of positive energy.
   664 | D:1      | 664 ||| READING scroll labelled TEUTAM PYNEANY.
   667 | D:1      | 667 ||| READING scroll labelled ZIMNORHONUO.
   667 | D:1      | Identified a scroll of acquirement
   667 | D:1      | 667 ||| ACQUIRING +0 helmet of intelligence
   667 | D:1      | Acquired a +0 helmet of intelligence
   669 | D:1      | 669 ||| UPGRADING to +0 helmet of intelligence.
   674 | D:1      | 674 ||| READING scroll labelled ITATAE SAYS.
   675 | D:1      | 675 ||| DRINKING 2 golden potions.
   676 | D:1      | 676 ||| DROPPING scroll of butterflies.
   697 | D:2      | Reached skill level 1 in Armour
   702 | D:2      | Reached skill level 5 in Ranged Weapons
   878 | D:2      | Reached XP level 4. HP: 27/27 MP: 4/4
   916 | D:2      | Reached skill level 3 in Fighting
  1091 | D:2      | Noticed Natasha
  1098 | D:2      | Killed Natasha
  1532 | D:2      | Noticed Natasha
  1537 | D:2      | Killed Natasha
  1538 | D:2      | Reached XP level 5. HP: 32/32 MP: 5/5
  1591 | D:2      | 1591 ||| READING scroll labelled WAMALA PIMUN.
  1592 | D:2      | 1592 ||| READING scroll labelled SOAREB XEEGRAMIY.
  1593 | D:2      | 1593 ||| READING scroll labelled TIXEDU JECZOE.
  1594 | D:2      | 1594 ||| DRINKING 2 pink potions.
  1748 | D:3      | Found a white marble altar of Elyvilon.
  1922 | D:3      | Reached skill level 6 in Ranged Weapons
  2082 | D:3      | 2082 ||| UPGRADING to +6 ring of dexterity.
  2083 | D:3      | 2083 ||| READING scroll labelled YDITWA GOARE.
  2084 | D:3      | 2084 ||| DRINKING 3 orange potions.
  2125 | D:3      | 2125 ||| READING 3 scrolls of identify.
  2125 | D:3      | 2125 ||| IDENTIFYING fizzy ruby potion
  2126 | D:3      | 2126 ||| READING 2 scrolls of identify.
  2126 | D:3      | 2126 ||| IDENTIFYING purple potion
  2127 | D:3      | 2127 ||| DROPPING 2 potions of lignification.
  2247 | D:4      | Found an ancient bone altar of Kikubaaqudgha.
  2438 | D:4      | Noticed Edmund
  2446 | D:4      | Killed Edmund
  2447 | D:4      | Reached XP level 6. HP: 31/40 MP: 6/6
  2484 | D:4      | 2484 ||| READING scroll of acquirement.
  2484 | D:4      | 2484 ||| ACQUIRING +1 cloak of Starlight {*Dazzle EV+4
                  | Stlth--}
  2484 | D:4      | Acquired the +1 cloak of Starlight {*Dazzle EV+4 Stlth--}
  2484 | D:4      | Found the +1 cloak of Starlight {*Dazzle EV+4 Stlth--}
  2486 | D:4      | 2486 ||| UPGRADING to +1 cloak of Starlight {*Dazzle EV+4
                  | Stlth--}.
  2571 | D:4      | 2571 ||| UPGRADING to +0 pair of gloves.
  2583 | D:4      | Found a staircase to the Ecumenical Temple.
  2584 | D:4      | 2584 ||| PLANNING TEMPLE
  2584 | D:4      | 2584 ||| READING scroll labelled GAUWKI LOYSAXT.
  2594 | Temple   | Entered the Ecumenical Temple
  2595 | Temple   | 2595 ||| PLANNING D:1-11
  2855 | D:4      | Found Hymnulac's Magic Scroll Shop.
  2858 | D:4      | 2858 ||| BUYING scroll of identify (26 gold).
  2858 | D:4      | Bought a scroll of identify for 26 gold pieces
  2858 | D:4      | 2858 ||| BUYING scroll of identify (26 gold).
  2858 | D:4      | Bought a scroll of identify for 26 gold pieces
  2858 | D:4      | 2858 ||| BUYING scroll of identify (26 gold).
  2858 | D:4      | Bought a scroll of identify for 26 gold pieces
  2858 | D:4      | 2858 ||| BUYING scroll of teleportation (39 gold).
  2858 | D:4      | Bought a scroll of teleportation for 39 gold pieces
  2939 | D:4      | 2939 ||| READING 4 scrolls of identify.
  2939 | D:4      | 2939 ||| IDENTIFYING dark potion
  2940 | D:4      | 2940 ||| READING 3 scrolls of identify.
  2940 | D:4      | 2940 ||| IDENTIFYING fuming purple potion
  2941 | D:4      | 2941 ||| READING 2 scrolls of identify.
  2941 | D:4      | 2941 ||| IDENTIFYING fuming white potion
  2942 | D:4      | 2942 ||| DROPPING potion of attraction.
  2956 | D:5      | Entered Level 5 of the Dungeon
  2957 | D:5      | 2957 ||| PLANNING SEWER
  2959 | D:5      | 2959 ||| STAIRDANCE
  3063 | D:5      | 3063 ||| STAIRDANCE
  3075 | D:5      | Noticed a black bear
  3075 | D:5      | Noticed a troll
  3076 | D:5      | 3076 ||| STAIRDANCE
  3085 | D:4      | Killed a black bear
  3086 | D:4      | Reached XP level 7. HP: 35/44 MP: 7/7
  3120 | D:5      | 3120 ||| STAIRDANCE
  3122 | D:4      | 3122 ||| Stepping ~*~*~tactically~*~*~ (retreating).
  3129 | D:4      | Killed a troll
  3130 | D:4      | Reached skill level 7 in Ranged Weapons
  3192 | D:5      | 3192 ||| STAIRDANCE
  3213 | D:4      | Reached skill level 8 in Ranged Weapons
  3213 | D:4      | Reached XP level 8. HP: 40/49 MP: 8/8
  3245 | D:5      | 3245 ||| STAIRDANCE
  3426 | D:5      | Found a glowing drain.
  3427 | D:5      | 3427 ||| Stepping ~*~*~tactically~*~*~ (water).
  3432 | D:5      | 3432 ||| UPGRADING to +2 robe of cold resistance.
  3442 | D:5      | 3442 ||| DROPPING +0 ring mail.
  3448 | Sewer    | Entered a sewer
  3485 | Sewer    | Reached skill level 9 in Ranged Weapons
  3509 | Sewer    | 3509 ||| READING scroll labelled WAHAUM GITH.
  3540 | Sewer    | 3540 ||| READING 2 scrolls of identify.
  3540 | Sewer    | 3540 ||| IDENTIFYING sedimented amethyst potion
  3561 | D:5      | 3561 ||| PLANNING D:1-11
  3607 | D:5      | Noticed Dowan
  3611 | D:5      | Noticed Duvessa
  3613 | D:5      | 3613 ||| RETREEAATING.
  3614 | D:5      | Killed Dowan
  3615 | D:5      | Reached skill level 3 in Dodging
  3624 | D:5      | HP: 12/49 [Duvessa/+3 short sword of speed (8)]
  3625 | D:5      | 3625 ||| READING 4 scrolls of teleportation.
  3625 | D:5      | HP: 5/49 [Duvessa/+3 short sword of speed (7)]
  3626 | D:5      | 3626 ||| DRINKING potion of heal wounds.
  3632 | D:5      | HP: 4/50 [Duvessa/+3 short sword of speed (15)]
  3633 | D:5      | 3633 ||| READING 3 scrolls of teleportation.
  3634 | D:5      | Mangled by Duvessa

Levels and vault maps discovered:
D:1:      wander_arrival_lonely_grave, layout_basic, serial_shops,
          nicolae_shop_bloodbath_and_beyond
D:2:      minmay_spotlight, layout_basic, kennysheep_generic_room_2,
          uniq_natasha
D:3:      layout_basic, elyvilon_altar_1
D:4:      layout_loops_ring, mainiacjoe_overflow_paths,
          minmay_temple_entry_poolview, serial_shops,
          nicolae_shop_tiny_real_fake_doors, uniq_edmund
D:5:      layout_rooms, portal_sewer_entry_e, serial_bayou_ford_a,
          uniq_menkaure, uniq_duvessa
Temple:   minmay_temple_forest_path

Skill      XL: |  1  2  3  4  5  6  7  8 |
---------------+-------------------------+-----
Armour         | 1 2 |  2.1
Ranged Weapons | 5 6 8 9 |  9.1
Fighting       | 3 5 |  5.5
Dodging        | 2 3 |  3.1
Stealth        | |  1.1

Action                     |  1- 3 |  4- 6 |  7- 9 || total
---------------------------+-------+-------+-------++-------
   Fire: Shortbow          |    92 |   145 |   123 ||   360
    Use: Scroll            |     3 |    11 |     4 ||    18
         Potion            |     1 |     2 |     1 ||     4
 Armour: Leather armour    |     4 |       |       ||     4
         Ring mail         |    13 |    53 |    65 ||   131
         Robe              |       |       |    18 ||    18
  Dodge: Dodged            |     8 |    62 |   134 ||   204

Table legend:
 A = Non-vault XP
 B = Vault XP
 C = Vault XP percentage of total XP
 D = Non-vault monster count
 E = Vault monster count
 F = Vault count percentage of total count
                 A         B        C        D         E       F
            +---------+---------+-------+---------+---------+-------
      Total |    1421 |     482 |  25.3 |      85 |      21 |  19.8
            +---------+---------+-------+---------+---------+-------
        D:1 |      37 |       0 |   0.0 |      22 |       0 |   0.0
        D:2 |      84 |      60 |  41.7 |      20 |       8 |  28.6
        D:3 |      34 |       0 |   0.0 |      12 |       0 |   0.0
        D:4 |    1019 |     169 |  14.2 |      23 |       1 |   4.2
        D:5 |     247 |     102 |  29.2 |       8 |       9 |  52.9
      Sewer |       0 |     151 | 100.0 |       0 |       3 | 100.0
            +---------+---------+-------+---------+---------+-------
